 Dungeon Crawl Stone Soup version 0.29.0-4-gdea44cf6ec (webtiles) character file.

Game seed: 15734866718607599520

37 qw the Sneak (level 3, -1/23 HPs)
             Began as a Gargoyle Delver on Sept 10, 2022.
             Slain by a hound (2 damage)
             ... on level 4 of the Dungeon.
             The game lasted 00:00:10 (729 turns).

qw the Sneak (Gargoyle Delver)                       Turns: 729, Time: 00:00:11

Health: -1/23      AC:  6    Str: 17    XL:     3   Next: 41%
Magic:  3/3        EV: 11    Int: 10    God:
Gold:   16         SH:  0    Dex: 11    Spells: 2/2 levels left

rFire   . . .      SeeInvis .   Y - +0 hand axe
rCold   . . .      Faith    .   (no shield)
rNeg    + . .      Spirit   .   b - +0 leather armour
rPois   inf        Reflect  .   (no helmet)
rElec   +          Harm     .   (no cloak)
rCorr   .          Rampage  .   (no gloves)
Will    .....                   (no boots)
Stlth   +++.......              (no amulet)
HPRegen 0.07/turn               (no ring)
MPRegen 0.08/turn               (no ring)

@: no status effects
A: sickness immunity, AC +3, negative energy resistance 1, electricity
resistance, torment resistance 1, petrification resistance
a: no special abilities


You were on level 4 of the Dungeon.
You visited 1 branch of the dungeon, and saw 2 of its levels.

You collected 16 gold pieces.


Innate Abilities, Weirdness & Mutations

You are immune to sickness and miasma.
Your stone body is resilient. (AC +3)
You are immune to poison.
You resist negative energy. (rN+)
You are resistant to electric shocks. (rElec)
You are resistant to unholy torment.
You are immune to petrification.


   Skills:
 - Level 3.2 Fighting
 + Level 3.4 Axes
 - Level 1.5 Dodging
 - Level 5.4 Stealth


You had 2 spell levels left.
You didn't know any spells.
Your spell library was empty.

Inventory:

Hand Weapons
 Y - a +0 hand axe (weapon)
Armour
 b - a +0 leather armour (worn)
Wands
 g - a wand of digging (3)
Potions
 f - a potion of haste
 i - a potion of curing {unknown}

Dungeon Overview and Level Annotations

Branches:
Dungeon (5/15)
 Temple: D:4-7

Altars:


Message History

You hit the hound but do no damage. The hound closely misses you.
The adder bites you. The hound bites you but does no damage.
The adder misses you.
You completely miss the adder.
The adder is severely wounded.
You closely miss the hound. The hound bites you but does no damage.
The adder bites you. The hound barely misses you.
You slash the adder!
You kill the adder!
You closely miss the hound. The hound bites you.
The hound bites you but does no damage.
You barely miss the hound.
The hound is lightly wounded.
The hound bites you.
You hit the hound but do no damage.
The hound is lightly wounded.
The hound completely misses you. The hound bites you but does no damage.
You closely miss the hound.
The hound is lightly wounded.
The hound barely misses you. The hound closely misses you.
You closely miss the hound.
The hound is lightly wounded.
The hound completely misses you.
You closely miss the hound.
The hound is lightly wounded.
The hound bites you. The hound barely misses you.
You completely miss the hound.
The hound is lightly wounded.
The hound bites you but does no damage. The hound closely misses you.
You hit the hound. You punch the hound, but do no damage.
The hound is moderately wounded.
The hound closely misses you.
You closely miss the hound.
The hound is moderately wounded.
The hound bites you but does no damage. The hound misses you.
You barely miss the hound.
The hound is moderately wounded.
The hound bites you.
You die...

###......#
####...##
## ###..#
#.. ##.##
#.. ##.##
#.. #..##
#.#
##..####.#
#..##.h#
##...@#
##..##
#.## #.#
.## .. ...
##..


You could see a hound.

Vanquished Creatures
  4 adders
4 creatures vanquished.

Notes
Turn   | Place    | Note
-------+----------+-------------------------------------------
     0 | D:5      | qw the Gargoyle Delver began the quest for the Orb.
     0 | D:5      | Reached XP level 1. HP: 14/14 MP: 1/1
     0 | D:5      | 0 ||| qw: Version: 0.1-a-116-g5d60599
     0 | D:5      | 0 ||| qw: Game counter: 8734
     0 | D:5      | 0 ||| qw: Always use a shield: true
     0 | D:5      | 0 ||| qw: God list: Okawaru
     0 | D:5      | 0 ||| qw: Allow faded altars: false
     0 | D:5      | 0 ||| qw: Do Orc after D:15 true
     0 | D:5      | 0 ||| qw: Do second Lair branch before Depths: true
     0 | D:5      | 0 ||| qw: Lair rune preference: random
     0 | D:5      | 0 ||| qw: Plans: Normal
     0 | D:5      | 0 ||| PLANNING D:1-11
    50 | D:5      | Reached XP level 2. HP: 8/19 MP: 2/2
   329 | D:5      | HP: 2/19 [adder (4)]
   631 | D:5      | 631 ||| READING scroll labelled PEIRPHIU KARIOH.
   632 | D:5      | 632 ||| DROPPING scroll of fog.
   633 | D:5      | 633 ||| DROPPING scroll of magic mapping.
   634 | D:5      | 634 ||| DROPPING scroll of fear.
   655 | D:4      | Reached skill level 3 in Axes
   655 | D:4      | Reached XP level 3. HP: 20/23 MP: 3/3
   721 | D:4      | HP: 3/23 [hound (4)]
   725 | D:4      | HP: 1/23 [hound (2)]
   729 | D:4      | Slain by a hound

Levels and vault maps discovered:
D:4:      minmay_general_purpose_star, layout_cave_pods,
          mainiacjoe_overflow_alcove_2, mainiacjoe_overflow_brackets,
          uniq_crazy_yiuf_cottage
D:5:      layout_basic, nicolae_overflow_squiral, serial_shops, kennysheep_mini,
          serial_curves, eino_curves_02, eino_curves_01, eino_curves_03,
          eino_curves_04, chequers_serial_rivers_large_b, minivault_19,
          uniq_menkaure, uniq_eustachio

Skill      XL: |  1  2 |
---------------+-------+-----
Axes           | 2 3 |  3.4
Fighting       | |  3.2
Dodging        | |  1.5
Stealth        | |  5.4

Action                   || total
-------------------------++-------
Melee: Hand axe          ||    66
       Punch             ||     1
  Use: Scroll            ||     1
Armor: Leather armour    ||    33
Dodge: Dodged            ||    53

Table legend:
 A = Non-vault XP
 B = Vault XP
 C = Vault XP percentage of total XP
 D = Non-vault monster count
 E = Vault monster count
 F = Vault count percentage of total count
                 A         B        C        D         E       F
            +---------+---------+-------+---------+---------+-------
      Total |      54 |       0 |   0.0 |       4 |       0 |   0.0
            +---------+---------+-------+---------+---------+-------
        D:4 |      27 |       0 |   0.0 |       2 |       0 |   0.0
        D:5 |      27 |       0 |   0.0 |       2 |       0 |   0.0
            +---------+---------+-------+---------+---------+-------
